 Dungeon Crawl Stone Soup version 0.18.1-6-gd335043 (webtiles) character file.

2641 Leszczynek the Grappler (level 9, -2/72 HPs)
             Began as a Troll Chaos Knight on May 18, 2016.
             Slain by a two-headed ogre
             ... wielding a +0 giant club
              (19 damage)
             ... on level 8 of the Dungeon.
             The game lasted 00:17:01 (4839 turns).

Leszczynek the Grappler (Troll Chaos Knight)        Turns: 4839, Time: 00:17:03

Health: -2/72      AC:  9    Str: 22    XL:     9   Next: 35%
Magic:  8/8        EV: 10    Int:  8    God:    Xom [....*.]
Gold:   262        SH:  0    Dex: 10    Spells: 0 memorised, 8 levels left

rFire  . . .     SeeInvis .       - Unarmed
rCold  . . .     Gourm    +     a - +2 robe
rNeg   . . .     Faith    .     (no shield)
rPois  .         Spirit   .     x - +2 hat
rElec  .         Dismiss  .     (no cloak)
rCorr  .         Reflect  .     (gloves unavailable)
SustAt +         Harm     .     (boots unavailable)
MR     .....                    (no amulet)
Stlth  ++........               G - ring of stealth
                                d - ring of sustain attributes

@: not resistant to hostile enchantments, unstealthy
A: unfitting armour, claws 3, clumsy 1, deterioration 1, fast metabolism 3,
frail 1, gourmand, regeneration 2, shaggy fur 1, tough skin 2
a: Renounce Religion


You were on level 8 of the Dungeon.
You worshipped Xom.
You were a beloved toy of Xom.
You were not hungry.

You visited 1 branch of the dungeon, and saw 8 of its levels.
You also visited: Ossuary.

You collected 318 gold pieces.
You spent 56 gold pieces at shops.

Inventory:

Missiles
 e - 7 javelins (quivered)
 y - 4 tomahawks
 A - 5 curare-tipped needles
Armour
 a - a +2 robe (worn)
 x - a +2 hat (worn)
Jewellery
 d - a ring of sustain attributes (left claw)
 G - a ring of stealth (right claw)
Wands
 H - a wand of slowing (29/48)
 I - a wand of digging (1/24)
 K - a wand of polymorph (20/24)
 L - a wand of confusion (14/48)
Scrolls
 c - a scroll of enchant armour {unknown}
 f - a scroll of magic mapping
 g - 3 scrolls of blinking
 k - a scroll of remove curse
 l - 5 scrolls of teleportation
 o - a scroll of fear {unknown}
 r - 5 scrolls of identify
 B - a scroll of noise {unknown}
 D - a scroll of enchant weapon
 M - 3 scrolls of holy word {unknown}
Potions
 h - 3 potions of might
 m - a potion of brilliance
 n - a potion of berserk rage
 p - 3 potions of curing
 q - a potion of cure mutation {unknown}
 u - 2 potions of haste {unknown}
 v - 2 potions of flight {unknown}
 C - 2 potions of lignification {unknown}
 E - a potion of agility
 F - a potion of heal wounds {unknown}
 J - a potion of ambrosia {unknown}
Comestibles
 b - 4 bread rations
 i - 3 meat rations
 s - 2 beef jerkies
 t - a slice of pizza
 w - 4 fruits
 z - 2 royal jellies


   Skills:
 + Level 2.7 Fighting
 * Level 8.5 Throwing
 - Level 1.9 Dodging
 + Level 9.2 Unarmed Combat


You had 8 spell levels left.
You didn't know any spells.

Dungeon Overview and Level Annotations

Branches:
Dungeon (8/15)             Temple (0/1) D:4
   Lair: D:8-11

Altars:
Ashenzari
Pakellas
Xom

Shops:
D:5 *


Innate Abilities, Weirdness & Mutations

You are too large for most types of armour.
You have claws for hands.
Your metabolism is lightning-fast.
You like to eat raw meat.
You heal very quickly.
You are covered in fur (AC +1).
You have very tough skin (AC +2).
You are clumsy. (Dex -2)
Your body sometimes deteriorates upon taking damage.
You are frail (-10% HP).


Message History

You scratch the two-headed ogre.
The two-headed ogre is lightly wounded.
You feel sick. The two-headed ogre closely misses you.
The two-headed ogre hits you with a giant club.
You claw the two-headed ogre!
The two-headed ogre is heavily wounded.
The two-headed ogre hits you with a giant club!!
* * * LOW HITPOINT WARNING * * *
The two-headed ogre hits you with a giant club!
* * * LOW HITPOINT WARNING * * *
You are too injured to fight recklessly!
You are too injured to fight recklessly!
Unknown command.
Evoke which item? (* to show all) (? for menu, Esc to quit)
Okay, then.
Drink which item? (? for menu, Esc to quit)
You feel better.
The two-headed ogre hits you with a giant club!!
You die...
Xom roars with laughter!

*,*****#.....$.,,,,*****
#.* *#.......**,,,,,,**
#.# ##......#***,,***,,,
#.####.#.#...##**>,* ****
#.##...........**,,*
#.##.#†#.#..#*,,,,,*
##.##.##...#,**,,,,,******
#..##.###O##,,,,,,,,,,,,,,
#....#.##@#****,***,*****,
#...###.#........,,,* *,
#....#..#######.#**** *,
#####.#.# *,* *, #....#.#
*,* *, #.####.#
*<*********, #.# #.#
*,,,,,,,,,,, #.# #.#
**********,, #.# #.#
###***********,,


You could see a two-headed ogre.

Vanquished Creatures
  The ghost of Leszczynek the Cudgeler, a novice HuCK of Xom (D:5)
  Grinder (D:4)
  A hippogriff (D:8)
  Duvessa (D:6)
  2 ice beasts
  A phantom (D:7)
  A sky beast (D:6)
  A wasp (D:7)
  2 ogres
  2 giant frogs
  A scorpion (D:8)
  3 wights (D:7)
  A howler monkey (D:6)
  A giant frog zombie (D:7)
  3 centaur zombies (Ossuary)
  2 hounds
  4 orc wizards
  2 centaur skeletons
  3 orc priests
  A jelly (D:6)
  A giant frog skeleton (D:5)
  A worker ant (D:8)
  2 big kobold zombies (Ossuary)
  2 hound zombies
  6 mummies (Ossuary)
  A howler monkey zombie (D:5)
  A howler monkey skeleton (D:5)
  11 adders
  2 oozes
  An adder zombie (D:5)
  3 worms
  2 dart slugs
  5 giant geckos
  17 orcs
  2 ball pythons
  9 bats
  7 giant cockroaches
  3 goblins
  3 hobgoblins
  A jackal (D:7)
  4 kobolds
  2 quokkas
  2 giant newts
  5 hobgoblin zombies (Ossuary)
  A jackal zombie (D:8)
  A quokka zombie (D:7)
  9 rats
138 creatures vanquished.

Vanquished Creatures (collateral kills)
  An ogre (D:6)
  Dowan (D:6)
  A giant frog skeleton (D:7)
  An iguana (D:7)
  A giant gecko (D:7)
5 creatures vanquished.

Vanquished Creatures (others)
  A hungry ghost (D:7)
1 creature vanquished.

Grand Total: 144 creatures vanquished

Notes
Turn   | Place    | Note
--------------------------------------------------------------
     0 | D:1      | Leszczynek the Troll Chaos Knight began the quest for the Orb.
     0 | D:1      | Reached XP level 1. HP: 22/22 MP: 0/0
   258 | D:1      | Reached XP level 2. HP: 29/29 MP: 1/1
   369 | D:1      | You fall through a shaft!
   588 | D:2      | Reached skill level 1 in Throwing
   669 | D:2      | Reached skill level 4 in Unarmed Combat
   669 | D:2      | Reached XP level 3. HP: 33/36 MP: 2/2
   819 | D:1      | XOM: harmless Trmt miscast
  1003 | D:2      | XOM: divination: detect items
  1243 | D:2      | XOM: harmless Tloc miscast
  1377 | D:3      | You fall through a shaft for 2 floors!
  1377 | D:5      | Entered Level 5 of the Dungeon
  1377 | D:5      | Noticed Leszczynek's ghost (novice HuCK)
  1381 | D:5      | Reached XP level 4. HP: 44/44 MP: 3/3
  1390 | D:5      | Found Teumn's General Store.
  1393 | D:5      | XOM: divination: detect items
  1405 | D:6      | XOM: harmless Chrm miscast
  1438 | D:6      | XOM: divination: detect creatures
  1442 | D:6      | Reached skill level 2 in Throwing
  1442 | D:6      | Reached skill level 5 in Unarmed Combat
  1457 | D:6      | Reached XP level 5. HP: 44/50 MP: 4/4
  1621 | D:4      | Noticed an ogre
  1627 | D:4      | XOM: scenery: create altars
  2026 | D:3      | Reached skill level 6 in Unarmed Combat
  2026 | D:3      | Reached XP level 6. HP: 59/59 MP: 5/5
  2109 | D:4      | XOM: polymorph orc -> adder
  2131 | D:4      | Noticed Grinder
  2149 | D:4      | Killed Grinder
  2149 | D:4      | Reached skill level 3 in Throwing
  2149 | D:4      | Reached XP level 7. HP: 62/66 MP: 6/6
  2155 | D:4      | how do you play with this bullshit
  2155 | D:4      | no matter what i do, he's getting bored
  2155 | D:4      | am i supposed to dive like a retard?
  2157 | D:4      | Identified Xihytiul's Tome of Aerial Snow
  2167 | D:4      | XOM is BORED!
  2167 | D:4      | XOM: 3-stop teleportation journey
  2180 | D:4      | Reached skill level 7 in Unarmed Combat
  2504 | D:4      | XOM: give mutation
  2504 | D:4      | Gained mutation: Your body sometimes deteriorates upon taking damage. [Xom's mischief]
  2517 | D:4      | XOM: enchant monster (bad)
  2543 | D:4      | Found a staircase to the Ecumenical Temple.
  2643 | D:4      | XOM: polymorph scorpion -> ogre
  2877 | D:5      | XOM: colour smoke trail
  2896 | D:5      | Bought a potion of agility for 56 gold pieces
  2919 | D:5      | Killed Leszczynek's ghost
  2919 | D:5      | Reached skill level 4 in Throwing
  2919 | D:5      | Reached skill level 8 in Unarmed Combat
  2983 | D:5      | XOM: 1-stop teleportation journey
  3082 | D:5      | XOM: confusion (+ monsters)
  3419 | D:6      | XOM is BORED!
  3419 | D:6      | XOM: 1-stop teleportation journey
  3450 | D:6      | XOM: god gift: 19 gold pieces
  3488 | D:6      | Reached XP level 8. HP: 51/74 MP: 7/7
  3493 | D:6      | Noticed Dowan
  3497 | D:6      | XOM: summons friendly iron imp
  3498 | D:6      | XOM: enchant monster (good)
  3503 | D:6      | Killed Dowan
  3504 | D:6      | Noticed Duvessa
  3511 | D:6      | Killed Duvessa
  3676 | D:6      | Reached skill level 9 in Unarmed Combat
  3726 | D:6      | Found an oddly glowing altar of Pakellas.
  3812 | D:7      | Reached skill level 5 in Throwing
  3864 | D:7      | XOM: enchant monster (good)
  3877 | D:7      | Reached skill level 6 in Throwing
  3880 | D:7      | XOM: summons 2 friendly demons
  3931 | D:7      | XOM: summons 5 friendly demons
  4084 | D:7      | Reached skill level 7 in Throwing
  4084 | D:7      | XOM: divine lightning
  4209 | D:7      | XOM is BORED!
  4209 | D:7      | XOM: give mutations
  4209 | D:7      | Gained mutation: You are frail (-10% HP). [Xom's mischief]
  4209 | D:7      | Gained mutation: You are clumsy. (Dex -2) [Xom's mischief]
  4389 | D:7      | Found a shattered altar of Ashenzari.
  4516 | D:8      | Reached XP level 9. HP: 72/72 MP: 8/8
  4572 | D:8      | Reached skill level 8 in Throwing
  4630 | D:8      | Found a sand-covered staircase.
  4639 | Ossuary  | Entered an ossuary
  4826 | D:8      | XOM: swap monsters
  4838 | D:8      | HP: 7/72 [two-headed ogre/giant club (9)]
  4839 | D:8      | Slain by a two-headed ogre

Skill      XL: |  1  2  3  4  5  6  7  8  9 |
---------------+----------------------------+-----
Throwing       | 1 2 3 4 7 8 |  8.5
Unarmed Combat | 4 5 6 8 9 |  9.2
Fighting       | |  2.7
Dodging        | |  1.9

Action                   |  1- 3 |  4- 6 |  7- 9 || total
-------------------------+-------+-------+-------++-------
Melee: Unarmed           |    80 |   116 |   255 ||   451
       Punch             |     2 |     2 |    10 ||    14
  Use: Scroll            |       |     1 |    12 ||    13
       Potion            |       |       |     2 ||     2
 Stab: Sleeping          |       |       |     6 ||     6
       Petrified         |       |       |     1 ||     1
  Eat: Chunk             |    14 |     9 |    30 ||    53
Armor: Robe              |    22 |    61 |    69 ||   152
Dodge: Dodged            |    48 |    84 |    86 ||   218
